Map: Dusk Towers

Players

GeorgeCosmo - Winner!

  • Race: Terran Terran
  • League: Platinum

lesha

  • Race: Terran Terran
  • League: Gold

VOD

Have the link to the VOD?

Description

Time

  • Played on: Jan. 6, 2016, 10:58 p.m.
  • Length: 2:47
Show
View Real Time Build Order
Export as new Build Order

GeorgeCosmo Terran - Winner!

Build Orders:  

Get SALT Encoding   

  12  0:09  Supply Depot  
  12  0:17  SCV  
  13  0:29  SCV  
  14  0:52  Barracks x2  
  14  0:55  SCV  
  15  1:09  Barracks  
  15  1:13  SCV  
  16  1:25  SCV  
  17  1:42  Marine x2  
  19  1:48  SCV  
  19  1:51  Supply Depot  
  20  1:57  Barracks  
  20  1:58  Marine  
  20  2:00  Marine  
  22  2:05  Marine  
  23  2:16  Marine  
  23  2:17  SCV  
  23  2:22  Marine  
  26  2:26  Marine  
  26  2:36  Supply Depot  
Show
View Real Time Build Order
Export as new Build Order

lesha Terran 

Build Orders: Reaper Expand 

Get SALT Encoding   

  12  0:01  SCV  
  13  0:13  SCV  
  14  0:18  Supply Depot  
  14  0:25  SCV  
  15  0:39  SCV  
  15  0:41  Barracks  
  16  0:46  Refinery  
  16  0:51  SCV  
  17  1:04  SCV  
  18  1:16  SCV  
  19  1:28  Orbital Command  
  19  1:29  Reaper  
  20  1:40  Command Center  
  20  1:51  Refinery  
  20  1:53  SCV  
  21  2:02  Supply Depot  
  21  2:05  SCV  
  21  2:15  Barracks  
  21  2:22  Barracks Reactor  
Tags
 
Add a new tag
Caveats
  • Supply blocks, unpowered buildings, or Contaminate may cause inaccurate times.
  • Supply counts are checked every 10 seconds.